 Dungeon Crawl Stone Soup version 0.30-a0-2-gf48d83f5e2 (console) character file.

Game seed: 2689266328921145281

1553 odiv the Magician (level 9, -1/63 HPs)
             Began as a Djinni Warper on Aug 20, 2022.
             Was a Follower of Makhleb.
             Slain by an orc warrior
             ... wielding a +0 glaive
              (14 damage)
             ... on level 9 of the Dungeon.
             The game lasted 00:18:25 (7679 turns).

odiv the Magician (Djinni Warper)                   Turns: 7679, Time: 00:18:25

Health: -1/63      AC:  8    Str:  8 (10) XL:     9   Next: 12%
Gold:   157        EV: 12    Int: 16 (19) God:    Makhleb [*.....] SH:  0 Dex: 11 (13)

rFire   + + .      SeeInvis +    G - +2 whip (elec)
rCold   x . .      Faith    +    (no shield)
rNeg    . . .      Spirit   .    b - +0 leather armour
rPois   ∞          Reflect  .    r - +0 helmet
rElec   .          Harm     .    w - +2 cloak {rPois}
rCorr   .          Rampage  .    C - +0 pair of gloves
Will    .....                    (boots unavailable)
Stlth   +.........               o - amulet of faith
HPRegen 0.20/turn                L - ring of see invisible
MPRegen 0.00/turn                (no ring)

@: flying
A: sickness immunity, fire resistance 2, cold vulnerability 1, float, innate
caster, HP casting, extra vitality 1
a: Renounce Religion


You were on level 9 of the Dungeon.
You worshipped Makhleb.
Makhleb was aware of your devotion.
You visited 2 branches of the dungeon, and saw 10 of its levels.

You collected 344 gold pieces.
You spent 187 gold pieces at shops.

Inventory:

Hand Weapons
 a - a +0 spear
 g - a +0 dagger
 q - a +0 trident
 E - a +1 war axe of flaming
 F - a +2 halberd of freezing
 G - a +2 whip of electrocution (weapon)
Missiles
 d - 7 boomerangs of dispersal
 f - 76 stones (quivered)
 l - 24 poisoned darts
 D - 5 atropa-tipped darts
Armour
 b - a +0 leather armour (worn)
 r - a +0 helmet (worn)
 w - a +2 cloak of poison resistance (worn)
 C - a +0 pair of gloves (worn)
Jewellery
 o - an amulet of faith (around neck)
 I - the amulet of the Swan {Spirit rCorr Int+4}
   (You found it on level 5 of the Dungeon)

   [amulet of guardian spirit]

   It causes incoming damage to be divided between your reserves of health and
   magic.
   Int:       It affects your intelligence (+4).
   rCorr:     It protects you from acid and corrosion.
 L - a ring of see invisible (left hand)
 M - an amulet of reflection
Wands
 H - a wand of polymorph (17)
Scrolls
 c - a scroll of enchant weapon {unknown}
 e - a scroll of enchant armour {unknown}
 m - 3 scrolls of butterflies
 n - a scroll of fear {unknown}
 s - a scroll of teleportation
 t - a scroll of amnesia {unknown}
 u - a scroll of torment {unknown}
 x - 2 scrolls of brand weapon
 y - a scroll of vulnerability {unknown}
Potions
 i - a potion of haste {unknown}
 j - 3 potions of mutation
 k - 2 potions of curing
 p - a potion of might
 A - 2 potions of lignification
 J - a potion of degeneration
 N - a potion of magic {unknown}


   Skills:
 + Level 4.6 Fighting
 - Level 1.6 Polearms
 - Level 0.8 Throwing
 - Level 1.0 Armour
 - Level 5.0 Dodging
 + Level 7.3 Spellcasting


You couldn't memorise any spells.
You knew the following spells:

 Your Spells              Type           Power      Damage    Failure   Level
a - Lesser Beckoning      Tloc           29%        N/A       2%          3
b - Blink                 Tloc           58%        N/A       1%          2
c - Gell's Gravitas       Tloc           29%        N/A       2%          3
d - Teleport Other        Tloc           29%        N/A       2%          3
e - Manifold Assault      Tloc           29%        N/A       22%         5
f - Foxfire               Conj/Fire      100%       2x1d9     1%          1
g - Scorch                Fire           58%        2d8       1%          2
h - Inner Flame           Hex/Fire       29%        N/A       2%          3
i - Ice Form              Ice/Tmut       29%        N/A       9%          4
Your spell library was empty.

Dungeon Overview and Level Annotations

Branches:
Dungeon (9/15)             Temple (1/1) D:5
   Lair: D:8-11         Orc: D:9-12

Altars:
Ashenzari
Cheibriados
Dithmenos
Elyvilon
Gozag
Hepliaklqana
Makhleb
Nemelex Xobeh
Okawaru
Qazlal
Uskayaw
Wu Jian
Xom
Yredelemnul
Zin
The Shining One

Shops:
D:3 [   D:4 [

Annotations:
D:2 1 runed translucent door, Crazy Yiuf
D:7 1 runed translucent door, Dowan, Duvessa, Pikel
D:8 Psyche


Innate Abilities, Weirdness & Mutations

You are immune to sickness and miasma.
You are immune to poison.
Your flesh is very heat resistant. (rF++)
You are vulnerable to cold. (rC-)
You float through the air rather than walking.
You learn spells naturally, not from books.
Your magical power is your life essence.
You have superior vitality. (+4 MHP)


Message History

Found a wand of flame (16).
Psyche the Insane Magess comes into view.
She is wielding a +2 dagger of chaos and wearing a +2 robe of willpower.
Your attacks no longer feel as feeble.
The howler monkey hoots and howls with incredible vigour!
Found a twisted quarterstaff.
Found 19 gold pieces.
Found 16 gold pieces and a robe.
You see here 19 gold pieces.
Found 26 gold pieces.
Found a shadowy altar of Dithmenos.
Found 26 gold pieces.
Psyche laughs secretively.
Psyche mumbles some strange words.
A swirling arc of seething chaos appears!
The arc of chaos arcs out of your line of sight!
Something shouts, "Admit defeat, thou quaking toenail-biting bandersnitch!"
You hear a shout!
Found a sparkling altar of Nemelex Xobeh.
Found an escape hatch in the floor.
Found a bone wand.
Found a forked glass wand.
Found a stone staircase leading down.
Found an escape hatch in the floor.
Found 12 gold pieces.
Press: ? - help, . - travel You can't see that place. [the floor.]
There is an escape hatch in the floor here.
There is a stone staircase leading down here.
You fly downwards.
The kobold brigand shouts!
The kobold shouts! x2; You hear a shout!
There is a stone staircase leading up here.
An orc warrior and an orc come into view.
The orc is wielding a +0 dagger and wearing a +0 chain mail of cold resistance.
The orc warrior shouts!
The orc shouts!
The kobold shouts!
The orc hits you but does no damage. The orc warrior completely misses you.
A kobold comes into view. It is wielding a +0 short sword.
Okay, then.
The orc warrior misses you. The orc warrior closely misses you.
The orc warrior hits you from afar with a +0 glaive!
You die...

.K..# ...# #K.#
. #KK# .. #.K#
.. ##o##'##
#K.o...#
#..o...+
#@.#####
.............#
...............
...............
.............##
.............#
.............#
.............#


You could see an orc warrior, a kobold brigand, 2 orcs and 4 kobolds.

Vanquished Creatures
  A water moccasin (D:6)
  An ogre (D:5)
  A centaur (D:7)
  A phantom (D:5)
  A kobold brigand (D:6)
  4 scorpions
  Blork the orc (D:5)
  A gnoll sergeant (D:6)
  5 killer bees (D:7)
  3 hounds
  2 jellies
  4 iguanas
  3 orc wizards
  Robin (D:2)
  6 gnolls
  8 adders
  A worm (D:2)
  4 dart slugs
  8 orcs
  6 ball pythons
  7 endoplasms
  5 giant cockroaches
  12 goblins
  10 hobgoblins
  2 jackals (D:1)
  11 kobolds
  2 bats (D:3)
  4 frilled lizards
  7 rats
122 creatures vanquished.

Vanquished Creatures (others)
  170 foxfires
  2 fungi (D:2)
  6 plants (D:2)
178 creatures vanquished.

Grand Total: 300 creatures vanquished

Notes
Turn   | Place    | Note
-------+----------+-------------------------------------------
     0 | D:1      | odiv the Djinni Warper began the quest for the Orb.
     0 | D:1      | odiv set off with the following spells memorised: Blink,
                  | Lesser Beckoning, Gell's Gravitas, Teleport Other, Manifold
                  | Assault.
     0 | D:1      | Reached XP level 1. HP: 18/18 MP: 0/0
   279 | D:1      | Reached XP level 2. HP: 23/23 MP: 0/0
   664 | D:1      | Reached skill level 3 in Spellcasting
   699 | D:1      | Reached XP level 3. HP: 28/28 MP: 0/0
   699 | D:1      | Learned a level 1 spell: Foxfire
  1718 | D:2      | Reached XP level 4. HP: 29/33 MP: 0/0
  1773 | D:2      | Noticed Robin
  2201 | D:2      | Found a faded altar of an unknown god.
  2460 | D:2      | Found a runed translucent door.
  2461 | D:2      | Noticed Crazy Yiuf
  2507 | D:2      | Killed Robin
  2967 | D:3      | Reached skill level 4 in Spellcasting
  3023 | D:3      | You are sucked into a shaft and drop 1 floor!
  3204 | D:3      | Found a faded altar of an unknown god.
  3208 | D:3      | Reached XP level 5. HP: 37/38 MP: 0/0
  3208 | D:3      | Learned a level 2 spell: Scorch
  3213 | D:3      | Found a glowing golden altar of the Shining One.
  3555 | D:3      | Found Zaeblu Xowka's Antique Armour Emporium.
  3560 | D:3      | Bought a glowing cloak for 187 gold pieces
  3756 | D:3      | Found an opulent altar of Gozag.
  4072 | D:4      | Reached XP level 6. HP: 41/45 MP: 0/0
  4495 | D:4      | Found Deept's Armour Shop.
  5086 | D:5      | Entered Level 5 of the Dungeon
  5101 | D:5      | Reached skill level 5 in Dodging
  5101 | D:5      | Reached XP level 7. HP: 47/50 MP: 0/0
  5101 | D:5      | Learned a level 3 spell: Inner Flame
  5282 | D:5      | Found a staircase to the Ecumenical Temple.
  5290 | Temple   | Entered the Ecumenical Temple
  5307 | Temple   | Became a worshipper of Makhleb the Destroyer
  5434 | D:5      | Identified the amulet of the Swan {Spirit rCorr Int+4}
  5802 | D:5      | Found an iron altar of Okawaru.
  5809 | D:5      | Found a white marble altar of Elyvilon.
  5809 | D:5      | Found an ornate altar of the Wu Jian Council.
  5951 | D:5      | Reached skill level 5 in Spellcasting
  6055 | D:5      | Noticed Blork the orc
  6058 | D:5      | Reached XP level 8. HP: 54/58 MP: 0/0
  6064 | D:5      | Killed Blork the orc
  6724 | D:6      | Reached skill level 6 in Spellcasting
  7095 | D:6      | Reached * piety under Makhleb
  7528 | D:7      | Found a runed translucent door.
  7529 | D:7      | Noticed a sixfirhy
  7531 | D:7      | Noticed Pikel
  7533 | D:7      | Noticed Dowan
  7534 | D:7      | Noticed Duvessa
  7563 | D:7      | Reached skill level 7 in Spellcasting
  7563 | D:7      | Reached XP level 9. HP: 52/63 MP: 0/0
  7563 | D:7      | Learned a level 4 spell: Ice Form
  7651 | D:8      | Noticed Psyche
  7659 | D:8      | Found a shadowy altar of Dithmenos.
  7662 | D:8      | Found a sparkling altar of Nemelex Xobeh.
  7679 | D:9      | Slain by an orc warrior

Illustrated notes

Levels and vault maps discovered:
D:1:      minmay_arrival_shattered_statue, layout_basic
D:2:      layout_basic, shapermc_ecumenical_altar_mp_ritualfount, uniq_robin,
          uniq_crazy_yiuf_cottage
D:3:      layout_loops_ring, nicolae_overflow_ecumenical_swirl,
          lemuel_crystal_altar, serial_shops, shop
D:4:      layout_gridville, serial_shops, shop
D:5:      layout_loops_ring, minitemple, minmay_temple_entry_trees,
          uniq_blork_the_orc
D:6:      layout_cave_pools
D:7:      cheibrodos_shockbox, layout_rooms, uniq_pikel, uniq_duvessa
D:8:      layout_loops_ring, general_overflow_altar, amcnicky_altar_gilded,
          serial_shops, nicolae_square_shop, uniq_psyche
D:9:      layout_grid_maze, dpeg_lair_monsters, serial_shops,
          nicolae_shop_crystal, kennysheep_nub
Temple:   cyrus_circular_temple

Skill      XL: |  1  2  3  4  5  6  7  8 |
---------------+-------------------------+-----
Spellcasting   | 3 4 5 7 |  7.3
Dodging        | 3 5 |  5.0
Fighting       | 3 4 |  4.6
Polearms       | |  1.6
Throwing       | |  0.8
Armour         | |  1.0

Action                   |  1- 3 |  4- 6 |  7- 9 || total
-------------------------+-------+-------+-------++-------
Melee: Spear             |   108 |    34 |     9 ||   151
       Punch             |     1 |     1 |       ||     2
       Whip              |       |       |    10 ||    10
Throw: Stone             |    18 |       |     1 ||    19
 Cast: Foxfire           |     7 |    37 |    48 ||    92
       Blink             |       |     1 |     3 ||     4
       Scorch            |       |    33 |    59 ||    92
  Use: Scroll            |       |     5 |     6 ||    11
       Potion            |       |       |     7 ||     7
 Stab: Sleeping          |     1 |     1 |       ||     2
Armor: Leather armour    |    20 |    24 |    44 ||    88
Dodge: Dodged            |    41 |    44 |    99 ||   184

Table legend: (Time is in decaauts)
 A = Elapsed time spent in this place.
 B = Non-inter-level travel time spent in this place.
 C = Inter-level travel time spent in this place.
 D = Time resting spent in this place.
 E = Time spent auto-exploring this place.
 F = Levels seen in this place.
 G = Mean time per level.
                   A        B        C        D        E       F      G
               +--------+--------+--------+--------+--------+-----+--------+
         Total |   7683 |   7417 |    266 |   1620 |   4571 |  10 |  768.3 |
       Dungeon |   7649 |   7393 |    256 |   1620 |   4566 |   9 |  849.9 |
        Temple |     33 |     23 |     10 |      0 |      5 |   1 |   33.0 |
               +--------+--------+--------+--------+--------+-----+--------+

Top non-repeatable levels by time:
     D:1: 1845 daAuts
     D:5: 1532 daAuts
     D:4: 1288 daAuts
     D:3: 1075 daAuts
     D:2: 1070 daAuts
     D:6: 648 daAuts
     D:7: 144 daAuts
     D:8: 40 daAuts
  Temple: 33 daAuts
     D:9: 3 daAuts
